 Dungeon Crawl Stone Soup version 0.28-a0-1518-gbe868bca14 (webtiles) character file.

Game seed: 15881470131819221387

8102 croobank the Placeless Draconian (level 11, -5/95 HPs)
             Began as a Green Draconian Cinder Acolyte on Jan 16, 2022.
             Was an Initiate of Ignis.
             Slain by an eight-headed hydra (12 damage)
             ... on level 9 of the Dungeon.
             The game lasted 01:01:38 (12973 turns).

croobank the Placeless Draconian (DrCA)            Turns: 12973, Time: 01:01:38

Health: -5/95      AC: 12    Str: 20    XL:     11   Next: 5%
Magic:  15/20      EV: 11    Int: 17    God:    Ignis [......]
Gold:   159        SH:  0    Dex:  6    Spells: 9/23 levels left

rFire   + + +      SeeInvis .   S - +4 trident "Hymejum" {vorpal, rElec rN++ Int+3 Dex-5}
rCold   . . .      Faith    .   (no shield)
rNeg    + + .      Spirit   .   (armour unavailable)
rPois   +          Reflect  .   r - +2 hat
rElec   +          Harm     .   d - scarf {rC+ rF+}
rCorr   .          Rampage  .   p - +2 pair of gloves {Str+3}
Will    +....                   (no boots)
Stlth   +.........              J - amulet of regeneration
HPRegen 1.05/turn               k - ring of fire
MPRegen 0.17/turn               n - ring of willpower

@: no status effects
A: breathe noxious fumes, AC +7, unfitting armour, poison resistance,
cold-blooded
a: Breathe Noxious Fumes, Renounce Religion


You were on level 9 of the Dungeon.
You worshipped Ignis.
Ignis was noncommittal.
You visited 2 branches of the dungeon, and saw 11 of its levels.

You collected 519 gold pieces.
You spent 360 gold pieces at shops.

Inventory:

Hand Weapons
 a - a +3 war axe
 b - a +0 hunting sling
 j - a +0 flail of protection
 m - a +4 dagger
 u - a +2 dagger of venom
 v - a +2 flail of protection
 B - a +0 battleaxe
 C - a +0 shortbow
 G - a +5 short sword
 H - a +3 trident of venom
 I - a +4 dagger
 Q - a +1 glaive of protection
 S - the +4 trident "Hymejum" (weapon) {vorpal, rElec rN++ Int+3 Dex-5}
   (You found it on level 7 of the Dungeon)

   It inflicts extra damage upon your enemies.
   Int:       It affects your intelligence (+3).
   Dex:       It affects your dexterity (-5).
   rElec:     It insulates you from electricity.
   rN:        It greatly protects you from negative energy.
 T - a +0 trident of freezing
 U - a +3 quarterstaff of chaos
Missiles
 e - 8 poisoned darts
 f - 452 stones
 g - 102 arrows
 i - 71 sling bullets
 s - 66 bolts
 x - 6 javelins
 M - 3 curare-tipped darts (quivered)
 N - 3 datura-tipped darts
Armour
 d - a scarf of resistance (worn)
 p - a +2 pair of gloves of strength (worn)
 r - a +2 hat (worn)
 D - a +0 cloak
 P - a +1 cloak
 V - a +2 cloak of willpower
 W - a +0 kite shield
Jewellery
 k - a ring of fire (left hand)
 n - a ring of willpower (right hand)
 J - an amulet of regeneration (around neck)
Wands
 h - a wand of polymorph (13)
 o - a wand of iceblast (4)
Scrolls
 c - a scroll of fog
 l - 2 scrolls of immolation
 y - a scroll of amnesia {unknown}
 E - 2 scrolls of silence {unknown}
 L - a scroll of blinking {unknown}
 O - a scroll of noise {unknown}
 R - a scroll of enchant armour {unknown}
Potions
 q - a potion of cancellation
 t - a potion of lignification {unknown}
 w - 3 potions of brilliance {unknown}
 z - 2 potions of might {unknown}
 A - 6 potions of curing
 K - a potion of attraction {unknown}
 Y - 2 potions of heal wounds
 Z - a potion of flight {unknown}


   Skills:
 + Level 8.8 Fighting
 + Level 8.0 Axes
 + Level 6.6 Spellcasting
 * Level 9.0 Translocations
 + Level 7.9 Fire Magic


You had 9 spell levels left.
You knew the following spells:

 Your Spells              Type           Power      Damage    Failure   Level
a - Scorch                Fire           96%        2d9       1%          2
b - Ensorcelled Hibernat  Hex/Ice        10%        N/A       19%         2
c - Swiftness             Air            5%         N/A       36%         3
d - Manifold Assault      Tloc           36%        N/A       8%          5
e - Blink                 Tloc           72%        N/A       1%          2

Your spell library contained the following spells:

 Spells                   Type           Power      Damage    Failure   Level
 Lesser Beckoning         Tloc           36%        N/A       1%          3
 Inner Flame              Hex/Fire       28%        N/A       7%          3
 Pain                     Necr           20%        1d5       12%         1
 Passwall                 Tmut/Erth      4%         N/A       19%         2
 Cause Fear               Hex            2%         N/A       77%         4
 Agony                    Necr           5%         N/A       98%         5
 Excruciating Wounds      Necr           2%         N/A       98%         5
 Storm Form               Tmut/Air       2%         N/A       100%        7
 Discord                  Hex            2%         N/A       100%        8


Dungeon Overview and Level Annotations

Branches:
Dungeon (10/15)            Temple (0/1) D:6            Lair (1/6) D:9
    Orc: D:9-12

Altars:
Elyvilon
Hepliaklqana
Ru
Trog
Xom
Zin

Shops:
D:8 =

Annotations:
D:6 3 runed translucent doors, EachDarkElm's ghost, novice MiBe


Innate Abilities, Weirdness & Mutations

You can breathe blasts of noxious fumes.
Your lurid green scales are hard. (AC +7)
You cannot fit into any form of body armour.
Your system is resistant to poisons. (rPois)
You are cold-blooded and may be slowed by cold attacks.


Message History

The eight-headed hydra is burned terribly!
The eight-headed hydra is moderately wounded.
The yak gores you!
Casting: Scorch (safe; 1% risk of failure)
Confirm with . or Enter, or press ? or * to list all spells.
You feel a surge of power!
Flames lash the eight-headed hydra.
The eight-headed hydra is burned terribly!
The eight-headed hydra is heavily wounded.
You hit the eight-headed hydra. You tail-slap the eight-headed hydra.
The eight-headed hydra is severely wounded.
The eight-headed hydra bites you but does no damage.
The eight-headed hydra bites you.
The eight-headed hydra barely misses you.
The eight-headed hydra bites you!
The eight-headed hydra completely misses you.
The eight-headed hydra barely misses you.
The eight-headed hydra bites you!
The eight-headed hydra closely misses you.
You barely miss the eight-headed hydra.
The eight-headed hydra is severely wounded.
The eight-headed hydra bites you!
The eight-headed hydra bites you but does no damage.
The eight-headed hydra bites you. The eight-headed hydra misses you.
The eight-headed hydra bites you!
* * * LOW HITPOINT WARNING * * *
The eight-headed hydra bites you.
* * * LOW HITPOINT WARNING * * *
The eight-headed hydra bites you but does no damage.
The eight-headed hydra bites you!
* * * LOW HITPOINT WARNING * * *
You puncture the eight-headed hydra! You tail-slap the eight-headed hydra!
The eight-headed hydra is almost dead.
The eight-headed hydra bites you.
* * * LOW HITPOINT WARNING * * *
The eight-headed hydra bites you.
* * * LOW HITPOINT WARNING * * *
The eight-headed hydra barely misses you.
The eight-headed hydra bites you but does no damage. x2
The eight-headed hydra bites you!
You die...

#.........##
#
#........##
##
##......##
#. #.....##
#.
#####..###
##. #.....##
#.. #Y#####
##.# #D#
#..# #@#
#.## ###
##.## #..#.
#.#.. ##....
#.....
#.....
#.##.. #.#
##.


You could see an eight-headed hydra (combustible) and a yak.

Vanquished Creatures
  A hydra (Lair:1)
  A cyclops (D:7)
  A cane toad (Lair:1)
  3 komodo dragons (Lair:1)
  A hornet (D:8)
  A wyvern (Lair:1)
  15 yaks
  A steam dragon (D:9)
  6 water moccasins
  2 orc warriors
  A sky beast (D:7)
  A black bear (D:6)
  3 ogres
  2 centaurs
  2 necrophages (D:6)
  2 phantoms
  4 bullfrogs
  A gnoll sergeant (D:9)
  A wyvern zombie (D:8)
  2 scorpions
  6 wights
  4 orc priests
  3 hounds
  Crazy Yiuf (D:7)
  A gnoll shaman (D:6)
  A bullfrog skeleton (D:6)
  An iguana (D:6)
  A centaur skeleton (D:7)
  6 orc wizards
  A killer bee zombie (D:7)
  A hound zombie (D:5)
  2 hound skeletons
  A howler monkey zombie (D:8)
  Robin (D:2)
  14 gnolls
  2 adders
  A white imp (D:4)
  3 ufetubi
  A worm (D:4)
  An adder skeleton (D:5)
  A dart slug (D:4)
  The ghost of comborobin the Sneak, a weakling VSDe (D:5)
  23 orcs
  7 ball pythons
  3 bats
  3 endoplasms (D:1)
  2 giant cockroaches (D:3)
  35 goblins
  32 hobgoblins
  6 jackals (D:1)
  3 quokkas
  3 frilled lizards (D:1)
  4 kobolds
  3 rats
229 creatures vanquished.

Vanquished Creatures (collateral kills)
  A water moccasin (Lair:1)
  2 foxfires (D:9)
3 creatures vanquished.

Vanquished Creatures (others)
  53 foxfires
  9 fungi
  5 plants (Lair:1)
67 creatures vanquished.

Grand Total: 299 creatures vanquished

Notes
Turn   | Place    | Note
-------+----------+-------------------------------------------
     0 | D:1      | croobank the Draconian Cinder Acolyte began the quest for
                  | the Orb.
     0 | D:1      | Reached XP level 1. HP: 19/19 MP: 2/2
   141 | D:1      | Reached XP level 2. HP: 26/26 MP: 3/3
   147 | D:1      | Learned a level 2 spell: Scorch
  1038 | D:2      | Reached XP level 3. HP: 33/33 MP: 2/5
  1105 | D:2      | Noticed Robin
  1139 | D:2      | Killed Robin
  1568 | D:2      | Reached XP level 4. HP: 37/40 MP: 1/6
  1947 | D:2      | Found a faded altar of an unknown god.
  2253 | D:3      | HP: 1/40 [orc priest/divine providence (11)]
  2535 | D:3      | Reached XP level 5. HP: 22/46 MP: 8/8
  2733 | D:3      | Learned a level 2 spell: Ensorcelled Hibernation
  2737 | D:3      | Learned a level 3 spell: Swiftness
  3208 | D:4      | Found a sacrificial altar of Ru.
  3798 | D:4      | Reached XP level 6. HP: 53/53 MP: 3/10
  4816 | D:5      | Entered Level 5 of the Dungeon
  4918 | D:5      | Reached skill level 5 in Fighting
  5506 | D:5      | Your scales start taking on a lurid green colour.
  5506 | D:5      | Reached XP level 7. HP: 61/61 MP: 9/11
  5506 | D:5      | Gained mutation: Your system is resistant to poisons.
                  | (rPois) [Green Draconian growth]
  5565 | D:5      | Learned a level 5 spell: Manifold Assault
  5610 | D:5      | Found a large runed translucent door.
  5610 | D:5      | Found a large runed translucent door.
  5614 | D:5      | Noticed comborobin's ghost (weakling VSDe)
  5809 | D:5      | Reached skill level 1 in Translocations
  6043 | D:5      | Reached skill level 5 in Axes
  6043 | D:5      | Reached skill level 5 in Fire Magic
  6301 | D:5      | Killed comborobin's ghost
  6399 | D:6      | Reached skill level 2 in Translocations
  6461 | D:6      | Identified a scroll of acquirement
  6461 | D:6      | Acquired a +2 pair of gloves of strength
  6656 | D:6      | Reached XP level 8. HP: 59/70 MP: 5/13
  6795 | D:6      | Reached skill level 3 in Translocations
  6897 | D:6      | Found a staircase to the Ecumenical Temple.
  7274 | D:6      | Learned a level 2 spell: Blink
  7307 | D:6      | Reached skill level 4 in Translocations
  7682 | D:6      | Reached skill level 5 in Translocations
  7682 | D:6      | Reached XP level 9. HP: 59/78 MP: 10/16
  8109 | D:6      | Found a runed translucent gate.
  8109 | D:6      | Found a runed translucent gate.
  8110 | D:6      | Found a runed translucent gate.
  8110 | D:6      | Noticed EachDarkElm's ghost (novice MiBe)
  8804 | D:7      | You fall into a shaft and drop 3 floors!
  8804 | D:10     | Entered Level 10 of the Dungeon
  8818 | D:10     | Found a glowing silver altar of Zin.
  8920 | D:10     | Reached skill level 5 in Spellcasting
  8937 | D:10     | Reached skill level 6 in Translocations
  9215 | D:10     | Found a hazy altar of Hepliaklqana.
  9248 | D:10     | Reached skill level 7 in Translocations
  9271 | D:9      | Reached XP level 10. HP: 16/86 MP: 9/18
  9991 | D:7      | Found a white marble altar of Elyvilon.
  9995 | D:7      | Noticed a cyclops
 10706 | D:8      | Found Oxuwamp's Jewellery Emporium.
 10720 | D:8      | Bought an amulet of regeneration for 360 gold pieces
 10742 | D:8      | Found a bloodstained altar of Trog.
 10960 | D:8      | Found a shimmering altar of Xom.
 11437 | D:7      | Killed a cyclops
 11438 | D:7      | Reached skill level 8 in Translocations
 11527 | D:7      | Identified the +4 trident "Hymejum" {vorpal, rElec rN++
                  | Int+3 Dex-5}
 11798 | D:7      | Found a runed translucent door.
 11798 | D:7      | Noticed Crazy Yiuf
 11814 | D:7      | Killed Crazy Yiuf
 12046 | D:9      | Found a staircase to the Lair.
 12051 | Lair:1   | Entered Level 1 of the Lair of Beasts
 12159 | Lair:1   | Noticed a cane toad
 12169 | Lair:1   | Killed a cane toad
 12189 | Lair:1   | Noticed a cane toad
 12323 | Lair:1   | Noticed a five-headed hydra
 12338 | Lair:1   | Killed a five-headed hydra
 12563 | Lair:1   | Reached skill level 9 in Translocations
 12563 | Lair:1   | Reached XP level 11. HP: 90/95 MP: 20/20
 12645 | Lair:1   | Noticed an eight-headed hydra
 12973 | D:9      | Slain by an eight-headed hydra

Illustrated notes

Levels and vault maps discovered:
D:1:      erik_arrival_blinker_ship, layout_loops_ring
D:2:      layout_loops_ring, basic_ecumenical_altar, uniq_robin
D:3:      layout_loops_ring
D:4:      minmay_goblin_kobold_castle, layout_loops_ring,
          mainiacjoe_overflow_surrounded_room
D:5:      layout_basic, ebering_ghost_disaster_area
D:6:      layout_loops_corners, minmay_temple_entry_tees,
          ebering_ghost_rock_garden, kennysheep_opposing_triangles
D:7:      layout_cave_pools, mainiacjoe_overflow_tiny_flanked,
          uniq_crazy_yiuf_cottage
D:8:      layout_basic, marbit_many_paths, amcnicky_altar_gilded, serial_shops,
          nicolae_shop_window_shopping
D:9:      layout_cave_pods, lair_entry_dummy, serial_bayou, serial_bayou_pond_c,
          serial_bayou_pond_e, serial_bayou_shore_b, serial_bayou_pond_c,
          serial_bayou_lagoon_b, serial_bayou_pond_c, minmay_lizard_king
D:10:     lemuel_ice_spiral_2, layout_basic,
          mainiacjoe_overflow_concentric_impassable,
          minmay_overflow_temple_star_hex, lemuel_round_altar
Lair:1:   layout_chaotic_city, gauntlet_entry_generic

Skill      XL: |  1  2  3  4  5  6  7  8  9 10 11 |
---------------+----------------------------------+-----
Fighting       | 4 5 6 7 8 |  8.8
Spellcasting   | 2 3 4 5 6 |  6.6
Axes           | 4 5 6 7 8 |  8.0
Fire Magic     | 4 5 6 7 |  7.9
Translocations | 2 5 7 9 |  9.0

Action                   |  1- 3 |  4- 6 |  7- 9 | 10-12 || total
-------------------------+-------+-------+-------+-------++-------
Melee: Hand axe          |    78 |   152 |       |       ||   230
       Tailslap          |     2 |    11 |    36 |    27 ||    76
       Punch             |       |     2 |     5 |     1 ||     8
       War axe           |       |    42 |   210 |   145 ||   397
       Quarterstaff      |       |       |       |     4 ||     4
       Trident           |       |       |       |    17 ||    17
 Fire: Hunting sling     |     3 |       |    16 |       ||    19
Throw: Dart              |       |       |     1 |     6 ||     7
 Cast: Scorch            |    15 |    52 |    35 |    38 ||   140
       Blink             |       |       |     2 |     5 ||     7
       Ensorcelled Hiber |       |       |       |     9 ||     9
       Manifold Assault  |       |       |       |     3 ||     3
Invok: Foxfire Swarm     |       |     2 |     2 |     2 ||     6
       Fiery Armour      |       |     2 |     2 |       ||     4
       Rising Flame      |       |       |     1 |       ||     1
 Abil: Breathe Noxious F |       |       |       |     2 ||     2
  Use: Scroll            |     2 |     4 |    10 |     5 ||    21
       Potion            |       |     5 |     1 |     1 ||     7
 Stab: Sleeping          |       |       |       |     1 ||     1
Armor: Skin              |    30 |   101 |    86 |   112 ||   329
Dodge: Dodged            |    51 |   121 |   148 |   112 ||   432

Table legend: (Time is in decaauts)
 A = Elapsed time spent in this place.
 B = Non-inter-level travel time spent in this place.
 C = Inter-level travel time spent in this place.
 D = Time resting spent in this place.
 E = Time spent auto-exploring this place.
 F = Levels seen in this place.
 G = Mean time per level.
                   A        B        C        D        E       F      G
               +--------+--------+--------+--------+--------+-----+--------+
         Total |  13080 |  12782 |    298 |   3231 |   6351 |  11 | 1189.1 |
       Dungeon |  12158 |  11860 |    298 |   2945 |   6241 |  10 | 1215.8 |
          Lair |    921 |    921 |      0 |    286 |    110 |   1 |  921.0 |
               +--------+--------+--------+--------+--------+-----+--------+

Top non-repeatable levels by time:
     D:6: 2115 daAuts
     D:4: 1960 daAuts
     D:5: 1600 daAuts
     D:2: 1452 daAuts
     D:8: 1309 daAuts
     D:7: 1249 daAuts
     D:1: 969 daAuts
  Lair:1: 921 daAuts
     D:9: 568 daAuts
    D:10: 468 daAuts
     D:3: 465 daAuts
